 Dungeon Crawl Stone Soup version 0.27.0 (webtiles) character file.

Game seed: 13323004766973749481

22863 sanka the Destroyer (level 12, 0/103 HPs)
             Began as a Palentonga Conjurer on July 30, 2021.
             Was an Initiate of Gozag.
             Slain by an ancient zyme (7 damage)
             ... on level 2 of the Abyss.
             The game lasted 01:18:24 (19936 turns).

sanka the Destroyer (Palentonga Conjurer)          Turns: 19936, Time: 01:18:24

Health: 0/103      AC: 27    Str: 13    XL:     12   Next: 66%
Magic:  21/27      EV: 11    Int: 19    God:    Gozag
Gold:   1229       SH:  5    Dex: 17    Spells: 5/19 levels left

rFire    + . .     SeeInvis +   h - +4 battleaxe (venom)
rCold    + . .     Faith    .   (shield currently unavailable)
rNeg     . . .     Spirit   .   c - +0 robe {rF+}
rPois    +         Reflect  +   C - +2 hat {Stlth+}
rElec    .         Harm     .   T - +2 cloak {rPois}
rCorr    .         Rampage  .   t - +2 pair of gloves
Will     .....                  V - +3 barding {rC+}
Stlth    +++.......             E - amulet of reflection
HPRegen  0.00/turn              m - +6 ring of dexterity
MPRegen  0.20/turn              j - ring of magical power

@: badly diseased, curled up
A: large, rugged brown scales 3, see invisible, deformed body, roll 1, armoured
tail, reflexive curl
a: Rolling Charge, Renounce Religion, Potion Petition, Call Merchant, Bribe
Branch


You were on level 2 of the Abyss.
You worshipped Gozag.
Gozag was most pleased with you.
You visited 3 branches of the dungeon, and saw 13 of its levels.
You visited the Abyss 1 time.
You also visited: Volcano.

You collected 3924 gold pieces.
You spent 1320 gold pieces at shops.
You paid 1375 gold pieces to Gozag.


Innate Abilities, Weirdness & Mutations

You are completely covered in rugged brown scales. (AC +3, +7% HP)
You have supernaturally acute eyesight. (SInv)
Armour fits poorly on your strangely shaped body.
You can roll at nearby foes to attack.
You have a long armoured tail.
You curl defensively after being hit.


   Skills:
 - Level 10.0 Fighting
 - Level 5.0 Armour
 - Level 6.0 Dodging
 - Level 1.2 Stealth
 + Level 8.8 Unarmed Combat
 - Level 4.0 Spellcasting
 - Level 10.0 Conjurations
 - Level 6.0 Hexes
 - Level 6.0 Transmutations
 - Level 3.0 Poison Magic


You had 5 spell levels left.
You knew the following spells:

 Your Spells              Type           Power      Damage    Failure   Level
c - Iskenderun's Mystic   Conj/Tloc      22%        2d6       17%         4
v - Spider Form           Tmut/Pois      10%        N/A       6%          3
x - Searing Ray           Conj           82%        3d6       1%          2
z - Magic Dart            Conj           100%       1d8       1%          1
Z - Fulminant Prism       Conj/Hex       17%        3d11      4%          4

Your spell library contained the following spells:

 Spells                   Type           Power      Damage    Failure   Level
 Shock                    Conj/Air       88%        1d8       1%          1
 Dazzling Flash           Conj/Hex       68%        N/A       1%          3
 Ensorcelled Hibernation  Hex/Ice        30%        N/A       6%          2
 Ignite Poison            Fire/Tmut/Pois 15%        N/A       12%         3
 Portal Projectile        Hex/Tloc       30%        N/A       12%         3
 Cause Fear               Hex            13%        N/A       12%         4
 Apportation              Tloc           6%         N/A       14%         1
 Blade Hands              Tmut           13%        N/A       32%         5
 Swiftness                Air            3%         N/A       38%         3
 Fireball                 Conj/Fire      11%        3d7       43%         5
 Alistair's Intoxication  Tmut/Pois      13%        N/A       52%         5
 Airstrike                Air            1%         N/A       80%         4
 Animate Armour           Summ/Erth      6%         N/A       80%         4
 Animate Dead             Necr           1%         N/A       80%         4
 Borgnjor's Vile Clutch   Necr/Erth      1%         N/A       98%         5
 Excruciating Wounds      Necr           1%         N/A       98%         5
 Invisibility             Hex            13%        N/A       87%         6
 Starburst                Conj/Fire      11%        8x6d5     95%         6
 Death Channel            Necr           1%         N/A       100%        6
 Shadow Creatures         Summ           N/A        N/A       100%        6
 Dragon Form              Tmut           13%        N/A       100%        7
 Haunt                    Necr/Summ      1%         N/A       100%        7
 Ignition                 Fire           1%         3d3       100%        8
 Dragon's Call            Summ           1%         N/A       100%        9

Inventory:

Hand Weapons
 h - a +4 battleaxe of venom (weapon)
 k - a +0 great sword
 u - a +2 dagger of venom
 D - a +2 quarterstaff of chaos
Missiles
 y - a curare-tipped dart {=f}
Armour
 c - a +0 robe of fire resistance (worn)
 t - a +2 pair of gloves (worn)
 A - +0 gold dragon scales
 C - a +2 hat of stealth (worn)
 T - a +2 cloak of poison resistance (worn)
 V - a +3 barding of cold resistance (worn)
Magical Staves
 F - a staff of death
Jewellery
 j - a ring of magical power (right hand)
 m - a +6 ring of dexterity (left hand)
 E - an amulet of reflection (around neck)
 K - a ring of positive energy
Wands
 b - a wand of polymorph (7)
 x - a wand of iceblast (22)
 G - a wand of digging (4)
 O - a wand of paralysis (9)
 Q - a wand of mindburst (15)
Scrolls
 a - a scroll of identify {@r1}
 d - a scroll of enchant weapon
 f - 5 scrolls of fog
 p - a scroll of summoning
 q - 2 scrolls of teleportation {@r4}
 s - 2 scrolls of immolation {!r}
 B - a scroll of vulnerability {!r}
 L - a scroll of blinking
 S - a scroll of silence {!r}
 U - a scroll of fear
Potions
 g - 2 potions of curing {@q1}
 l - a potion of mutation {unknown}
 r - 2 potions of flight
 v - a potion of cancellation {unknown}
 w - 2 potions of might {unknown}
 z - 2 potions of haste {@q3}
 H - 2 potions of magic {unknown}
 I - a potion of resistance {unknown}
 J - 2 potions of invisibility {unknown}
 M - a potion of attraction {unknown}
 P - 2 potions of ambrosia {unknown}
Miscellaneous
 N - a lightning rod (4/4)

Dungeon Overview and Level Annotations

Branches:
Dungeon (11/15)            Temple (1/1) D:5            Lair (1/6) D:8
    Orc (0/2) D:9         Volcano (visited)

Altars:
Ashenzari
Cheibriados
Dithmenos
Elyvilon
Fedhas
Gozag
Hepliaklqana
Kikubaaqudgha
Makhleb
Nemelex Xobeh
Okawaru
Qazlal
Ru
Sif Muna
Trog
Uskayaw
Vehumet
Wu Jian
Xom
Yredelemnul
Zin
The Shining One

Shops:
D:5 [   D:9 ([

Annotations:
D:9 3 runed translucent doors, PaladinM's ghost, novice DsFi
D:11 2 transporters, totalnoob's ghost, journeyman DDFi

▒ ▒ ▒. .▒▒▒▒ .
.. ..▒.▒ ▒
▒.▒▒▒▒▒▒.▒. .▒
. ▒
▒...▒xX▒..▒ ..
▒ .
▒..H▒....▒. ▒
. ▒ ▒▒
▒...▒▒.X▒..▒.▒
▒ ▒ ▒▒▒▒
▒......▒ . ▒ .
▒▒. .▒ .▒ . ▒▒
▒▒ ▒▒
▒▒..▒▒... . ▒▒
▒. .▒▒▒▒▒ .▒.▒
.▒..▒ ▒▒▒
.▒..▒▒
.▒▒▒▒▒▒. ▒.. .
..▒.▒▒... .▒▒▒
▒. ▒ ▒. ▒.▒
▒......▒


You could see an ancient zyme and a thrashing horror.


Message History

The thrashing horror tramples you but does no damage.
You feel ill.
Unknown command.
The searing ray hits the ancient zyme!
The ancient zyme is lightly damaged. (Press . to maintain the ray.)
The ancient zyme closely misses you. You block the ancient zyme's attack.
The searing ray hits the ancient zyme.
The ancient zyme is lightly damaged.
The ancient zyme closely misses you.
The ancient zyme hits you but does no damage.
The searing ray hits the ancient zyme!
The ancient zyme is moderately damaged.
The ancient zyme hits you!
* * * LOW HITPOINT WARNING * * *
The ancient zyme hits you but does no damage.
Unknown command.
The searing ray hits the ancient zyme!
The ancient zyme is heavily damaged.
You finish channeling your searing ray.
You block the ancient zyme's attack. You block the ancient zyme's attack.
Unknown command.
The searing ray hits the ancient zyme.
The ancient zyme is severely damaged. (Press . to maintain the ray.)
The ancient zyme hits you!
You die...
Your body crumbles into a pile of gold.

Action                   |  1- 3 |  4- 6 |  7- 9 | 10-12 || total
-------------------------+-------+-------+-------+-------++-------
Melee: Unarmed           |     7 |       |       |    47 ||    54
       Tailslap          |     2 |     1 |       |    15 ||    18
       Dagger            |     2 |       |    21 |    50 ||    73
       Short sword       |     9 |     7 |       |       ||    16
       Battleaxe         |       |       |       |    55 ||    55
       Quarterstaff      |       |       |       |     4 ||     4
Throw: Stone             |       |       |       |    52 ||    52
       Dart              |       |       |       |     3 ||     3
 Cast: Magic Dart        |    67 |   103 |   118 |    29 ||   317
       Searing Ray       |     2 |    11 |    53 |    85 ||   151
       Fulminant Prism   |       |       |    11 |    74 ||    85
       Spider Form       |       |       |       |     8 ||     8
       Iskenderun's Myst |       |       |       |     2 ||     2
Invok: Potion Petition   |       |       |       |     3 ||     3
Evoke: Wand              |       |       |       |     7 ||     7
  Use: Scroll            |     1 |     3 |     4 |    20 ||    28
       Potion            |       |       |       |     7 ||     7
 Stab: Distracted        |       |       |     2 |       ||     2
Armor: Robe              |    30 |    25 |    77 |   222 ||   354
       Skin              |       |       |       |     1 ||     1
Dodge: Dodged            |    39 |    32 |    90 |   293 ||   454
Block: Other             |       |       |       |    99 ||    99
       Reflection        |       |       |       |     4 ||     4

Levels and vault maps discovered:
D:1:      dpeg_arrival_prison, layout_basic, serial_bayou_lagoon_a,
          minmay_ruptured
D:2:      layout_rooms
D:3:      layout_basic, amcnicky_altar_gilded, serial_rivers,
          chequers_serial_rivers_large_a, chequers_serial_rivers_micro_e,
          chequers_serial_rivers_large_b, chequers_serial_rivers_room_b,
          dreamdust_ecumenical_altar_drowned_temple, columned_hall_lemuel
D:4:      layout_basic, ebering_ghost_disaster_area
D:5:      layout_basic, temple_pool_b, serial_shops, shop
D:6:      minmay_thinvault, layout_loops_ring, kennysheep_mini_moat,
          mainiacjoe_overflow_paths, fedhas_altar_decomposition, minivault_10
D:7:      cheibrodos_fertilizer, layout_rooms, lemuel_tele_altar,
          uniq_crazy_yiuf_cottage, uniq_prince_ribbit1
D:8:      minmay_the_grid_square_5x5_3x3 [minmay_the_grid_square_5x5_three,
          minmay_the_grid_square_5x5_almost_minimal,
          minmay_the_grid_square_5x5_minibox,
          minmay_the_grid_square_5x5_pentomino_r,
          minmay_the_grid_square_5x5_megaprize_hollow,
          minmay_the_grid_square_5x5_detours,
          minmay_the_grid_square_5x5_two_walls_b,
          minmay_the_grid_square_5x5_moneybag, minmay_the_grid_square_5x5_c],
          layout_rooms, lemuel_crystal_altar, lair_entry_dummy, special_room
          [special_room_orc], minmay_joined_circles, uniq_gastronok
D:9:      layout_roguey, amethyst_overflow_temple_binary, orc_david_3,
          gammafunk_ghost_nasty_kobolds, lemuel_old_faithful
D:10:     layout_long_grid, lemuel_crystal_altar
D:11:     layout_long_grid, gammafunk_ghost_berserking_beasts, uniq_josephine
Temple:   nicolae_temple_figure_eight
Lair:1:   layout_cave_shapes, serial_bayou, serial_bayou_pond_b,
          serial_bayou_pond_c, serial_bayou_pond_b, serial_bayou_pond_e,
          enter_volcano_4
Abyss:2:  base: Volcano, evilmike_abyss_exit_glass, evilmike_abyss_exit_7,
          patterned_corridor
Volcano:  volcano_bunker

Notes
Turn   | Place    | Note
-------+----------+-------------------------------------------
     0 | D:1      | sanka the Palentonga Conjurer began the quest for the Orb.
     0 | D:1      | Reached XP level 1. HP: 13/13 MP: 3/3
   270 | D:1      | Reached skill level 4 in Conjurations
   271 | D:1      | Reached XP level 2. HP: 20/20 MP: 1/5
   438 | D:2      | Learned a level 2 spell: Searing Ray
   710 | D:2      | Reached XP level 3. HP: 17/25 MP: 3/6
  1377 | D:2      | Reached skill level 5 in Conjurations
  1790 | D:2      | Reached XP level 4. HP: 32/32 MP: 7/7
  1877 | D:2      | Learned a level 4 spell: Fulminant Prism
  2745 | D:3      | Found a faded altar of an unknown god.
  2979 | D:3      | Found a hide-covered altar of Uskayaw.
  3589 | D:4      | Noticed a bullfrog
  3591 | D:4      | Noticed a sky beast
  3593 | D:4      | Killed a bullfrog
  3594 | D:4      | Reached skill level 6 in Conjurations
  3594 | D:4      | Reached XP level 5. HP: 35/37 MP: 8/8
  3692 | D:4      | Killed a sky beast
  3693 | D:4      | Reached XP level 6. HP: 35/43 MP: 8/9
  3903 | D:4      | Reached skill level 7 in Conjurations
  4241 | D:4      | Found a large runed translucent door.
  4241 | D:4      | Found a large runed translucent door.
  4245 | D:4      | Noticed Crownlay's ghost (amateur HOFi)
  4737 | D:5      | Entered Level 5 of the Dungeon
  4756 | D:5      | Found a staircase to the Ecumenical Temple.
  4811 | D:5      | Noticed a two-headed ogre
  4814 | Temple   | Entered the Ecumenical Temple
  5018 | Temple   | Became a worshipper of Gozag Ym Sagoz the Greedy
  5041 | D:5      | Noticed a water moccasin
  5045 | D:5      | Killed a water moccasin
  5046 | D:5      | Reached skill level 1 in Fighting
  5046 | D:5      | Reached skill level 2 in Dodging
  5046 | D:5      | Reached skill level 1 in Hexes
  5619 | D:5      | Gained mutation: You curl defensively after being hit.
                  | [Palentonga growth]
  5619 | D:5      | Reached XP level 7. HP: 51/51 MP: 10/10
  6211 | D:6      | Reached skill level 2 in Hexes
  6217 | D:6      | Reached skill level 2 in Fighting
  6310 | D:6      | Reached skill level 3 in Spellcasting
  6647 | D:6      | Reached XP level 8. HP: 27/60 MP: 12/12
  6847 | D:6      | Reached skill level 3 in Fighting
  6847 | D:6      | Reached skill level 3 in Dodging
  6848 | D:6      | Reached skill level 3 in Hexes
  6908 | D:6      | Learned a level 4 spell: Iskenderun's Mystic Blast
  7100 | D:6      | Found an iron altar of Okawaru.
  7223 | D:6      | Found a burning altar of Makhleb.
  7671 | D:6      | Reached skill level 8 in Conjurations
  7838 | D:6      | Reached skill level 4 in Fighting
  8021 | D:6      | Found a blossoming altar of Fedhas.
  8032 | D:6      | Reached skill level 4 in Dodging
  8032 | D:6      | Reached skill level 4 in Hexes
  8236 | D:6      | Reached XP level 9. HP: 70/70 MP: 13/13
  8375 | D:6      | Reached skill level 5 in Fighting
  9093 | D:7      | Found a runed translucent door.
  9094 | D:7      | Noticed Crazy Yiuf
  9567 | D:7      | Reached skill level 9 in Conjurations
  9567 | D:7      | Reached skill level 5 in Hexes
 10004 | D:7      | Learned a level 3 spell: Spider Form
 10177 | D:7      | Found a shimmering altar of Xom.
 10337 | D:7      | Noticed Prince Ribbit
 10344 | D:7      | Killed Prince Ribbit
 10345 | D:7      | Reached skill level 6 in Hexes
 10562 | D:7      | Killed Crazy Yiuf
 10615 | D:8      | Found a radiant altar of Vehumet.
 10749 | D:8      | Noticed a two-headed ogre
 10817 | D:8      | Reached skill level 10 in Conjurations
 10817 | D:8      | Reached XP level 10. HP: 57/79 MP: 9/14
 10961 | D:7      | Reached skill level 1 in Transmutations
 10961 | D:7      | Reached skill level 1 in Poison Magic
 11133 | D:8      | Killed a two-headed ogre
 11134 | D:8      | Reached skill level 2 in Transmutations
 11134 | D:8      | Reached skill level 2 in Poison Magic
 11143 | D:7      | Reached skill level 4 in Spellcasting
 11327 | D:8      | Found a staircase to the Lair.
 11393 | D:8      | Reached skill level 3 in Transmutations
 11633 | D:8      | Reached skill level 3 in Poison Magic
 11658 | D:8      | Reached skill level 4 in Transmutations
 12136 | D:8      | Reached skill level 5 in Transmutations
 12420 | D:8      | Noticed Gastronok
 12859 | D:8      | Reached skill level 1 in Unarmed Combat
 12862 | D:8      | Reached skill level 5 in Dodging
 12862 | D:8      | Reached skill level 6 in Transmutations
 12865 | D:8      | Reached skill level 2 in Unarmed Combat
 13151 | D:8      | HP: 8/81 [river rat[Gastronok] (8)]
 13992 | D:8      | Killed Gastronok
 13993 | D:8      | Reached skill level 6 in Fighting
 13993 | D:8      | Reached skill level 3 in Unarmed Combat
 13993 | D:8      | Reached XP level 11. HP: 41/88 MP: 2/17
 14369 | D:5      | Killed a two-headed ogre
 14565 | D:5      | Found Fousuetweu's Armour Boutique.
 14606 | D:5      | Bought a +0 barding of cold resistance for 360 gold pieces
 14738 | D:4      | Killed Crownlay's ghost
 14739 | D:4      | Reached skill level 6 in Dodging
 14739 | D:4      | Reached skill level 4 in Unarmed Combat
 15047 | D:9      | Reached skill level 7 in Fighting
 15326 | D:9      | Reached skill level 5 in Unarmed Combat
 15396 | D:9      | Identified a scroll of acquirement
 15445 | D:9      | Found a runed translucent gate.
 15446 | D:9      | Found a runed translucent gate.
 15448 | D:9      | Found a runed translucent gate.
 15448 | D:9      | Noticed PaladinM's ghost (novice DsFi)
 15640 | D:9      | Reached skill level 1 in Armour
 15757 | D:9      | Found an ornate altar of the Wu Jian Council.
 15767 | D:9      | Found a shimmering blue altar of Sif Muna.
 15834 | D:9      | Found Anaof's Armour Boutique.
 15836 | D:9      | Found a staircase to the Orcish Mines.
 15986 | D:9      | Found Sein's Weapon Boutique.
 16016 | D:9      | Bought +0 gold dragon scales for 960 gold pieces
 16111 | D:10     | Entered Level 10 of the Dungeon
 16319 | D:10     | Got the Guide on Summoning and Transformation
 16389 | D:10     | Reached skill level 2 in Armour
 16656 | D:10     | Reached skill level 8 in Fighting
 16888 | D:10     | Found a basalt altar of Yredelemnul.
 17194 | D:11     | Noticed Josephine
 17232 | D:11     | Killed Josephine
 17233 | D:11     | Reached skill level 3 in Armour
 17233 | D:11     | Noticed a two-headed ogre
 17433 | D:11     | Found a transporter.
 17436 | D:11     | Noticed totalnoob's ghost (journeyman DDFi)
 17520 | D:11     | Killed a two-headed ogre
 17686 | D:11     | Reached XP level 12. HP: 100/100 MP: 12/18
 17691 | D:11     | Reached skill level 4 in Armour
 17725 | D:11     | Noticed a four-headed hydra
 17731 | D:11     | Killed a four-headed hydra
 17732 | D:11     | Reached skill level 9 in Fighting
 17987 | D:11     | Found a transporter.
 18003 | D:11     | Noticed a two-headed ogre
 18034 | D:11     | Killed a two-headed ogre
 18035 | D:11     | Reached skill level 6 in Unarmed Combat
 18644 | Lair:1   | Entered Level 1 of the Lair of Beasts
 19163 | D:8      | Reached skill level 5 in Armour
 19274 | D:8      | Reached skill level 7 in Unarmed Combat
 19388 | Lair:1   | Found a dark tunnel.
 19397 | Volcano  | Entered a volcano
 19451 | Volcano  | Cast into level 2 of the Abyss (a wizard)
 19494 | Abyss:2  | Noticed a starcursed mass
 19534 | Abyss:2  | Reached skill level 10 in Fighting
 19537 | Abyss:2  | Reached skill level 8 in Unarmed Combat
 19710 | Abyss:2  | Noticed a rakshasa
 19719 | Abyss:2  | Noticed a bone dragon
 19727 | Abyss:2  | Noticed a starcursed mass
 19727 | Abyss:2  | HP: 8/103 [thrashing horror (5)]
 19755 | Abyss:2  | Found a broken altar of Ashenzari.
 19756 | Abyss:2  | Noticed a tentacled starspawn
 19830 | Abyss:2  | Noticed a starcursed mass
 19847 | Abyss:2  | Acquired 449 gold pieces
 19875 | Abyss:2  | Acquired 660 gold pieces
 19908 | Abyss:2  | Noticed a starcursed mass
 19934 | Abyss:2  | HP: 7/103 [ancient zyme (7)]
 19936 | Abyss:2  | Slain by an ancient zyme

Vanquished Creatures
  Gastronok (D:8)
  Josephine (D:11)
  A hydra (D:11)
  4 two-headed ogres
  2 thrashing horrors (Abyss:2)
  A glowing orange brain (Abyss:2)
  A wizard (Volcano)
  5 cane toads
  3 ancient zymes (Abyss:2)
  2 komodo dragons
  The ghost of Crownlay the Fighter, an amateur HOFi of Beogh (D:4)
  A troll (D:9)
  Prince Ribbit (D:7)
  A hornet (D:8)
  3 slime creatures (D:7)
  2 shadows
  20 yaks
  3 wraiths (D:11)
  4 vampire mosquitoes
  2 steam dragons
  An acid dragon (D:11)
  9 water moccasins
  10 orc warriors
  A sky beast (D:4)
  5 black bears
  7 necrophages
  An ogre (D:8)
  2 centaurs
  2 phantoms (D:6)
  6 kobold brigands
  7 bullfrogs
  A wyvern zombie (D:6)
  3 scorpions (D:6)
  A gnoll sergeant (D:6)
  A small abomination (Abyss:2)
  12 killer bees
  5 wights (D:9)
  8 howler monkeys
  An electric eel (Lair:1)
  A centaur zombie (D:8)
  2 bullfrog zombies (D:6)
  4 orc priests
  7 jellies
  A gnoll shaman (D:6)
  3 bullfrog skeletons
  Crazy Yiuf (D:7)
  2 hounds
  2 iguanas (D:6)
  5 orc wizards
  A hound zombie (D:5)
  A hound skeleton (D:5)
  A howler monkey zombie (D:10)
  A howler monkey skeleton (D:6)
  4 adders
  5 gnolls
  A shadow imp (D:7)
  2 ufetubi
  3 worms
  36 orcs
  11 ball pythons
  6 endoplasms
  3 giant cockroaches
  8 goblins
  11 hobgoblins
  15 jackals
  2 bats
  6 frilled lizards
  27 kobolds
  8 rats
  A spectral kobold (D:3)
323 creatures vanquished.

Vanquished Creatures (others)
  3 yaks (D:9)
  An orc (D:8)
  7 bushes (D:6)
  85 fulminant prisms
  11 fungi
  50 plants
  8 toadstools (D:7)
165 creatures vanquished.

Grand Total: 488 creatures vanquished
